 Dungeon Crawl Stone Soup version 0.18.1-8-gdd0e5ea (webtiles) character file.

852 urechis the Grappler (level 7, 0/66 HPs)
             Began as a Troll Monk on May 29, 2016.
             Slain by Duvessa
             ... wielding a +1 short sword of venom
              (4 damage)
             ... on level 5 of the Dungeon.
             The game lasted 00:03:57 (3210 turns).

urechis the Grappler (Troll Monk)                   Turns: 3210, Time: 00:03:58

Health: 0/66       AC:  6    Str: 20    XL:     7   Next: 69%
Magic:  6/6        EV: 10    Int:  6    God:
Gold:   194        SH:  0    Dex: 14    Spells: 0 memorised, 6 levels left

rFire  . . .     SeeInvis .       - Unarmed
rCold  . . .     Gourm    +     a - +0 robe
rNeg   . . .     Faith    .     (no shield)
rPois  .         Spirit   .     (helmet restricted)
rElec  .         Dismiss  .     j - +0 cloak
rCorr  .         Reflect  .     (gloves unavailable)
SustAt .         Harm     .     (boots unavailable)
MR     .....                    (no amulet)
Stlth  ++........               (no ring)
                                (no ring)

@: lethally poisoned (0 -> -42), not resistant to hostile enchantments,
unstealthy
A: unfitting armour, claws 3, fast metabolism 3, gourmand, regeneration 2,
shaggy fur 1, tough skin 2
a: no special abilities


You were on level 5 of the Dungeon.
You were full.

You visited 1 branch of the dungeon, and saw 5 of its levels.

You collected 194 gold pieces.

Inventory:

Missiles
 h - a throwing net (quivered)
Armour
 a - a +0 robe (worn)
 j - a +0 cloak (worn)
Scrolls
 d - 2 scrolls of blinking {unknown}
 e - a scroll of remove curse {unknown}
 f - 2 scrolls of amnesia {unknown}
 i - 2 scrolls of identify {unknown}
 k - a scroll of teleportation {unknown}
 n - a scroll of enchant weapon {unknown}
 q - a scroll of random uselessness {unknown}
 s - a scroll of recharging {unknown}
Potions
 c - 2 potions of agility {unknown}
 g - 5 potions of curing {unknown}
 m - a potion of lignification {unknown}
 o - 2 potions of flight {unknown}
 p - a potion of heal wounds {unknown}
Comestibles
 b - 4 bread rations
 l - 2 beef jerkies
 r - a royal jelly


   Skills:
 - Level 2.4 Fighting
 - Level 2.4 Dodging
 - Level 1.1 Stealth
 + Level 9.6 Unarmed Combat


You had 6 spell levels left.
You didn't know any spells.

Dungeon Overview and Level Annotations

Branches:
Dungeon (5/15)
 Temple: D:4-7

Altars:
Kikubaaqudgha
Nemelex Xobeh
Vehumet

Annotations:
D:5 Duvessa


Innate Abilities, Weirdness & Mutations

You are too large for most types of armour.
You have claws for hands.
Your metabolism is lightning-fast.
You like to eat raw meat.
You heal very quickly.
You are covered in fur (AC +1).
You have very tough skin (AC +2).


Message History

Duvessa hits you with a short sword of venom.
You are more poisoned.
You are too injured to fight recklessly!
You are too injured to fight recklessly!
You barely miss Duvessa. Your claw misses Duvessa.
Duvessa is severely wounded.
You feel very sick. Duvessa hits you but does no damage.
You claw Duvessa!
Duvessa is almost dead.
You feel sick.
Duvessa hits you with a short sword of venom!
* * * LOW HITPOINT WARNING * * *
You are more poisoned.
You completely miss Duvessa.
Duvessa is almost dead.
* * * LOW HITPOINT WARNING * * *
You feel very sick.
Duvessa hits you with a short sword of venom.
You die...

#.##.##.##########.###
#.##.##.##......##.#
#.......##.####.##.#
#.......##.####.##.#
#.##.##............#
#. #....##.####.#### #
####.##......#
#.#####.#########
#...e@..# #########


You could see Duvessa (berserk).

Vanquished Creatures
  Sigmund (D:3)
  Menkaure (D:4)
  The ghost of zeroDi the Cutter, an amateur VSAs (D:3)
  The ghost of urechis the Ruffian, an amateur TrMo (D:4)
  A centaur (D:3)
  Dowan (D:5)
  An orc priest (D:3)
  A giant frog skeleton (D:4)
  3 worker ants (D:4)
  Robin (D:2)
  5 adders
  An adder zombie (D:5)
  A dart slug (D:1)
  4 giant geckos
  2 orcs (D:3)
  A ball python (D:4)
  2 bats
  5 giant cockroaches
  8 goblins
  8 hobgoblins
  5 kobolds
  2 quokkas
  3 giant newts
  17 rats
76 creatures vanquished.

Notes
Turn   | Place    | Note
--------------------------------------------------------------
     0 | D:1      | urechis the Troll Monk began the quest for the Orb.
     0 | D:1      | Reached XP level 1. HP: 22/22 MP: 0/0
   201 | D:1      | Reached XP level 2. HP: 29/29 MP: 1/1
   805 | D:1      | Reached skill level 5 in Unarmed Combat
   805 | D:1      | Reached XP level 3. HP: 32/36 MP: 2/2
  1493 | D:2      | Noticed Robin
  1502 | D:2      | Killed Robin
  1922 | D:3      | Reached XP level 4. HP: 32/44 MP: 3/3
  1987 | D:3      | Found a radiant altar of Vehumet.
  2042 | D:3      | Noticed zeroDi's ghost (amateur VSAs)
  2050 | D:3      | Killed zeroDi's ghost
  2050 | D:3      | Reached skill level 6 in Unarmed Combat
  2050 | D:3      | Reached XP level 5. HP: 46/50 MP: 4/4
  2107 | D:3      | Noticed Sigmund
  2128 | D:3      | Killed Sigmund
  2128 | D:3      | Reached skill level 7 in Unarmed Combat
  2128 | D:3      | Reached XP level 6. HP: 14/59 MP: 5/5
  2274 | D:3      | Reached skill level 8 in Unarmed Combat
  2453 | D:3      | Found an ancient bone altar of Kikubaaqudgha.
  2583 | D:4      | Noticed urechis's ghost (amateur TrMo)
  2606 | D:4      | Killed urechis's ghost
  2606 | D:4      | Reached XP level 7. HP: 24/66 MP: 6/6
  2734 | D:4      | Noticed Menkaure
  2740 | D:4      | Killed Menkaure
  2740 | D:4      | Reached skill level 9 in Unarmed Combat
  2895 | D:4      | Found a sparkling altar of Nemelex Xobeh.
  3121 | D:5      | Entered Level 5 of the Dungeon
  3200 | D:5      | Noticed Duvessa
  3200 | D:5      | Noticed Dowan
  3203 | D:5      | Killed Dowan
  3210 | D:5      | Slain by Duvessa

Skill      XL: |  1  2  3  4  5  6  7 |
---------------+----------------------+-----
Unarmed Combat | 5 6 7 8 9 |  9.6
Fighting       | |  2.4
Dodging        | |  2.4
Stealth        | |  1.1

Action                   |  1- 3 |  4- 6 |  7- 9 || total
-------------------------+-------+-------+-------++-------
Melee: Unarmed           |    98 |    60 |    30 ||   188
       Punch             |     3 |     1 |     3 ||     7
 Stab: Sleeping          |     1 |       |       ||     1
  Eat: Chunk             |    18 |    10 |     3 ||    31
Armor: Robe              |    28 |    13 |     5 ||    46
Dodge: Dodged            |    40 |    23 |    10 ||    73
